 Dungeon Crawl Stone Soup version 0.19-a0-1540-g35a11b8 (webtiles) character file.

35 PurpleRed the Conjurer (level 3, -6/19 HPs)
             Began as a Deep Elf Conjurer on Sept 14, 2016.
             Splashed by a jelly's acid (8 damage)
             ... on level 5 of the Dungeon.
             The game lasted 00:04:01 (543 turns).

PurpleRed the Conjurer (Deep Elf Conjurer)           Turns: 543, Time: 00:04:02

Health: -6/19      AC:  2    Str:  5    XL:     3   Next: 17%
Magic:  5/10       EV: 13    Int: 20    God:
Gold:   56         SH:  0    Dex: 15    Spells: 1 memorised, 8 levels left

rFire  . . .     SeeInvis .     i - +0 short sword
rCold  . . .     Gourm    .     a - +0 robe
rNeg   . . .     Faith    .     (no shield)
rPois  .         Spirit   .     (no helmet)
rElec  .         Dismiss  .     (no cloak)
rCorr  .         Reflect  .     (no gloves)
MR     .....     Harm     .     (no boots)
Stlth  +.........               (no amulet)
                                (no ring)
                                k - ring of loudness

@: very slightly contaminated
A: no striking features
a: no special abilities


You were on level 5 of the Dungeon.
You were not hungry.

You visited 1 branch of the dungeon, and saw 5 of its levels.

You collected 56 gold pieces.

Inventory:

Hand Weapons
 d - a +0 club
 i - a +0 short sword (weapon)
 m - a +3 whip
Armour
 a - a +0 robe (worn)
Jewellery
 k - a ring of loudness (left hand)
Wands
 o - a wand of polymorph (9/24)
Scrolls
 e - a scroll of amnesia {unknown}
Potions
 f - a potion of might
 l - a potion of lignification
 n - a potion of heal wounds {unknown}
 p - a potion of brilliance {unknown}
Books
 b - a book of Conjurations

   Spells                             Type                      Level
   a - Magic Dart                     Conjuration                  1
   b - Searing Ray                    Conjuration                  2
   c - Dazzling Spray                 Conjuration/Hexes            3
   d - Fulminant Prism                Conjuration/Hexes            4
   e - Iskenderun's Mystic Blast      Conjuration                  4
   f - Iskenderun's Battlesphere      Conjuration/Charms           5
Comestibles
 c - a bread ration
 g - 2 meat rations


   Skills:
 - Level 2.4 Dodging
 - Level 2.4 Stealth
 + Level 3.6 Spellcasting
 * Level 5.2 Conjurations


You had 8 spell levels left.
You knew the following spells:

 Your Spells              Type           Power        Failure   Level  Hunger
a - Magic Dart            Conj           ###.         1%          1    None


Dungeon Overview and Level Annotations

Branches:
Dungeon (5/15)
 Temple: D:4-7

Altars:
Okawaru
Trog

Annotations:
D:4 plsesad's ghost, novice MiBe
D:5 Blork the orc, Menkaure


Message History

* * * LOW HITPOINT WARNING * * *
Casting: Magic Dart
Confirm with . or Enter, or press ? or * to list all spells.
Aiming: Magic Dart
Press: ? - help, Shift-Dir - straight line, f/p - jelly
Aim: a jelly (heavily wounded)
The magic dart hits the jelly.
The jelly is severely wounded.
The jelly hits you but does no damage.
Casting: Magic Dart
Confirm with . or Enter, or press ? or * to list all spells.
Aiming: Magic Dart
Press: ? - help, Shift-Dir - straight line, f/p - jelly
Aim: a jelly (severely wounded)
The magic dart hits the jelly.
The jelly is severely wounded.
The jelly hits you.
* * * LOW HITPOINT WARNING * * *
You are splashed with acid!
The acid burns!
You die...

#.#.#...#≈≈#...
#.#..###≈≈≈≈###
#####.#....≈≈≈≈≈≈..
#.<........≈≈≈≈≈≈..
#..####....###≈≈≈≈###
## #...#...#≈≈#...
#.#.#.⌠.#≈≈# .
#.#.#J5.# ≈#
#.#.@###≈..≈#
#........[...
#.#...#..##.##
#.#...# ## # ....#
...... .##... ..
.....


You could see a jelly and a crimson imp.

Vanquished Creatures
  2 adders (D:2)
  2 giant geckos
  A giant cockroach (D:1)
  2 goblins (D:1)
  2 hobgoblins
  A quokka (D:2)
  A ball python (D:2)
  2 giant newts
  3 kobolds
  A rat (D:1)
17 creatures vanquished.

Notes
Turn   | Place    | Note
-------+----------+-------------------------------------------
     0 | D:1      | PurpleRed the Deep Elf Conjurer began the quest for the Orb.
     0 | D:1      | Reached XP level 1. HP: 10/10 MP: 6/6
   130 | D:2      | Reached XP level 2. HP: 15/15 MP: 1/8
   182 | D:2      | Reached skill level 5 in Conjurations
   208 | D:2      | Reached XP level 3. HP: 19/19 MP: 0/10
   313 | D:3      | Found an iron altar of Okawaru.
   399 | D:3      | Found a bloodstained altar of Trog.
   463 | D:5      | Entered Level 5 of the Dungeon
   463 | D:5      | Noticed Menkaure
   463 | D:5      | Noticed Blork the orc
   513 | D:4      | Noticed plsesad's ghost (novice MiBe)
   543 | D:5      | Splashed by a jelly's acid

Vault maps used:
D:1:      roderic_chinese_lattice_arrival, minmay_bisected
D:2:      gammafunk_temple_overflow_wave
D:3:      lemuel_doored_altar, xom_teletrap_fun, okawaru_metal_pillars_1_2
D:4:      serial_shops, shop, first_bread, led_sif_book
D:5:      serial_shops, nicolae_shop_statue_plus, nicolae_shop_statue_plus,
          shop, fountainhead, uniq_menkaure, uniq_blork_the_orc,
          uniq_crazy_yiuf_cottage

Skill      XL: |  1  2 |
---------------+-------+-----
Conjurations   | 5 |  5.2
Dodging        | |  2.4
Stealth        | |  2.4
Spellcasting   | |  3.6

Action                   || total
-------------------------++-------
Melee: Short sword       ||     2
 Cast: Magic Dart        ||    36
  Use: Scroll            ||     4
Armor: Robe              ||     1
Dodge: Dodged            ||     2
